General information
- name: BNet
- type: Ladder team game (AT/RT)
- host: Battle.net
- saver: Peeping_Tom
map: MarketSquare
- players: 8
- length: 01:43
- speed: Fast
- version: 1.28 W3XP
- replay type: Public
» download(12 KB)
Players
team 1 (loser)
rayfook (
pink | 41 APM | 36 actions | 00:52)
» actions
| Assign group hotkey | 1 | |
| Build / train | 5 | |
| Enter build submenu | 2 | |
| Right click | 13 | |
| Select / deselect | 6 | |
| Select group hotkey | 7 | |
| Use ability | 2 | |
36 total
» units
» buildings
| Altar of Storms | 1 | |
| Orc Burrow | 1 | |
2 total
» build order
00:07 Altar of Storms
00:19 Orc Burrow
Peeping_Tom (
teal | 54 APM | 93 actions | 01:43)
» actions
| Basic commands | 1 | |
| Right click | 81 | |
| Select / deselect | 10 | |
| Use ability | 1 | |
93 total
kungpow (
red | 24 APM | 38 actions | 01:35)
» actions
| Build / train | 7 | |
| Enter build submenu | 4 | |
| Right click | 7 | |
| Select / deselect | 16 | |
| Use ability | 4 | |
38 total
» units
» buildings
| Altar of Kings | 1 | |
| Farm | 2 | |
| Barracks | 1 | |
4 total
» build order
00:25 Altar of Kings
00:50 Farm
00:56 Barracks
01:33 Farm

»
x3m_test (
blue | 12 APM | 10 actions | 00:50)
» actions
| Basic commands | 1 | |
| Build / train | 2 | |
| Right click | 3 | |
| Select / deselect | 4 | |
10 total
» units
team 2 (winner)
alohatrav (
orange | 38 APM | 66 actions | 01:43)
» actions
| Build / train | 8 | |
| Enter build submenu | 7 | |
| Right click | 30 | |
| Select / deselect | 17 | |
| Use ability | 4 | |
66 total
» units
» buildings
| Altar of Storms | 1 | |
| Orc Burrow | 1 | |
| Voodoo Lounge | 1 | |
| Barracks | 1 | |
4 total
» build order
00:07 Altar of Storms
00:15 Orc Burrow
00:51 Voodoo Lounge
01:25 Barracks
Dharma (
yellow | 29 APM | 46 actions | 01:35)
» actions
| Build / train | 8 | |
| Enter build submenu | 4 | |
| Right click | 14 | |
| Select / deselect | 16 | |
| Use ability | 4 | |
46 total
» units
» buildings
| Altar of Storms | 1 | |
| Orc Burrow | 1 | |
| War Mill | 1 | |
| Voodoo Lounge | 1 | |
4 total
» build order
00:04 Altar of Storms
00:09 Orc Burrow
00:51 War Mill
01:18 Voodoo Lounge

»
Godwithus (
purple | 20 APM | 35 actions | 01:43)
» actions
| Basic commands | 1 | |
| Build / train | 7 | |
| Enter build submenu | 4 | |
| Right click | 7 | |
| Select / deselect | 11 | |
| Use ability | 5 | |
35 total
» units
» buildings
| Orc Burrow | 2 | |
| Altar of Storms | 1 | |
| Barracks | 1 | |
4 total
» build order
00:22 Orc Burrow
00:37 Altar of Storms
00:57 Barracks
01:41 Orc Burrow
mefisto (
green | 34 APM | 58 actions | 01:43)
» actions
| Build / train | 10 | |
| Enter build submenu | 4 | |
| Remove unit from queue | 1 | |
| Right click | 23 | |
| Select / deselect | 18 | |
| Use ability | 2 | |
58 total
» units
» buildings
| Altar of Elders | 1 | |
| Moon Well | 1 | |
2 total
» build order
00:33 Altar of Elders
00:44 Moon Well
Chat log
(00:28 / Allies) rayfook: lol
(00:33 / Allies) rayfook: mental breakdown?
(00:37 / Allies) rayfook: rage?
(00:41 / Allies) rayfook: no life?
(00:48 / All) x3m_test: enjoy free win, another troll seeking attention
(01:12 / All) Dharma: gg please leave
(01:17 / Allies) kungpow: why?